 Dungeon Crawl Stone Soup version 0.24.0-1-gfbc8707122 (webtiles) character file.

Game seed: 15099374683926594917, levelgen mode: deterministic

4388 Mesmaeker13 the Arsonist (level 9, -1/62 HPs)
             Began as a Demigod Fire Elementalist on Oct 27, 2019.
             Slain by a troll (8 damage)
             ... on level 9 of the Dungeon.
             The game lasted 00:23:36 (12463 turns).

Mesmaeker13 the Arsonist (DgFE)                    Turns: 12463, Time: 00:23:37

Health: -1/62      AC:  4    Str: 13    XL:     9   Next: 90%
Magic:  6/14       EV: 20    Int: 23    God:
Gold:   640        SH:  0    Dex: 16    Spells: 3/11 levels left

rFire    + . .     SeeInvis .   D - +8 falchion of Cint {distort, rF+}
rCold    . . .     Gourm    .   (no shield)
rNeg     + . .     Faith    .   J - +0 leather armour
rPois    .         Spirit   .   l - +1 hat
rElec    .         Reflect  .   (no cloak)
rCorr    .         Harm     .   (no gloves)
MR       .....                  (no boots)
Stlth    ++........             d - amulet of rage
HPRegen  0.20/turn              o - ring of positive energy
MPRegen  0.14/turn              M - +3 ring of evasion

@: no status effects
A: high mp 1
a: Evoke Berserk Rage


You were on level 9 of the Dungeon.
You were not hungry.

You visited 1 branch of the dungeon, and saw 9 of its levels.
You also visited: Ossuary.

You collected 706 gold pieces.
You spent 66 gold pieces at shops.

Inventory:

Hand Weapons
 p - a +1 mace of protection
 D - the +8 falchion of Cint (weapon) {distort, rF+}
   (You found it on level 6 of the Dungeon)

   It warps and distorts space around it.
   Unwielding it can cause banishment or high damage.
   It protects you from fire.
 G - a +1 dagger of electrocution
 K - the +7 long sword of the Hummingbird {drain, Str+3, unknown}
   (You found it on level 9 of the Dungeon)

   A truly terrible weapon, it drains the life of those it strikes.
   It affects your strength (+3).
Missiles
 y - 5 boomerangs
 z - 13 poisoned darts
 F - 6 atropa-tipped darts (quivered)
Armour
 l - a +1 hat (worn)
 J - a +0 leather armour (worn)
Jewellery
 d - an amulet of rage (around neck)
 o - a ring of positive energy (left hand)
 M - a +3 ring of evasion (right hand)
Wands
 a - a wand of digging (5)
 H - a wand of acid (1)
Scrolls
 g - 6 scrolls of teleportation
 h - 3 scrolls of remove curse
 i - a scroll of fear
 k - 3 scrolls of blinking
 m - a scroll of amnesia
 q - 4 scrolls of enchant weapon
 A - a scroll of random uselessness {unknown}
 B - 2 scrolls of magic mapping
 C - a scroll of fog {unknown}
 E - a scroll of vulnerability {unknown}
 I - a scroll of enchant armour {unknown}
Potions
 b - 3 potions of lignification
 e - 2 potions of heal wounds {unknown}
 f - 2 potions of curing
 j - 2 potions of agility
 n - a potion of cancellation {unknown}
 r - 3 potions of mutation
 s - 2 potions of berserk rage
 t - 3 potions of might
 u - a potion of haste {unknown}
 v - 2 potions of resistance {unknown}
 w - 2 potions of brilliance {unknown}
 x - 2 potions of ambrosia {unknown}
Comestibles
 c - 10 rations
 L - 2 chunks of flesh


   Skills:
 + Level 8.1 Dodging
 - Level 1.7 Stealth
 - Level 1.7 Spellcasting
 + Level 7.9 Conjurations
 + Level 8.3 Fire Magic


You had 3 spell levels left.
You knew the following spells:

 Your Spells              Type           Power        Failure   Level  Hunger
a - Flame Tongue          Conj/Fire      #####        1%          1    #......
b - Conjure Flame         Conj/Fire      #####...     1%          3    ###....
c - Sticky Flame          Conj/Fire      #####...     6%          4    #####..

Your spell library contained the following spells:

 Spells                   Type           Power        Failure   Level  Hunger
 Throw Flame              Conj/Fire      #####.       1%          2    ##.....
 Throw Frost              Conj/Ice       ###...       4%          2    ##.....
 Inner Flame              Hex/Fire       ###.....     9%          3    ###....
 Dazzling Spray           Conj/Hex       ###...       10%         3    ###....
 Beastly Appendage        Tmut           #.....       17%         1    #......
 Corona                   Hex            #......      17%         1    #......
 Freeze                   Ice            #...         17%         1    #......
 Ensorcelled Hibernation  Hex/Ice        #.....       26%         2    ##.....
 Sticks to Snakes         Tmut           #.......     26%         2    ##.....
 Confuse                  Hex            #.......     45%         3    ###....
 Ozocubu's Armour         Chrm/Ice       #.......     45%         3    ###....
 Spider Form              Tmut/Pois      #.........   45%         3    ###....
 Tukima's Dance           Hex            #.......     45%         3    ###....
 Fireball                 Conj/Fire      #####.....   17%         5    ######.
 Throw Icicle             Conj/Ice       ###.....     32%         4    #####..
 Ice Form                 Ice/Tmut       #.......     86%         4    #####..
 Summon Ice Beast         Ice/Summ       #.......     86%         4    #####..
 Blade Hands              Tmut           #.........   99%         5    ######.


Dungeon Overview and Level Annotations

Branches:
Dungeon (9/15)             Temple (0/1) D:6         Ossuary (visited)
   Lair: D:8-11         Orc: D:9-12

Shops:
D:6 ?

Annotations:
Abyss:1 Prince Ribbit


Innate Abilities, Weirdness & Mutations

You have an increased reservoir of magic. (+10% MP)


Message History

Casting: Flame Tongue (safe; 1% risk of failure)
Confirm with . or Enter, or press ? or * to list all spells.
Aiming: Flame Tongue (safe; 1% risk of failure)
Press: ? - help, Shift-Dir - straight line, f/p - troll
Aim: a troll (heavily wounded)
The flame tongue hits the troll!
The troll is severely wounded.
The troll closely misses you. The troll barely misses you.
The troll misses you.
Casting: Flame Tongue (safe; 1% risk of failure)
Confirm with . or Enter, or press ? or * to list all spells.
Aiming: Flame Tongue (safe; 1% risk of failure)
Press: ? - help, Shift-Dir - straight line, f/p - troll
Aim: a troll (severely wounded)
The flame tongue misses the troll.
The troll bites you!!
* * * LOW HITPOINT WARNING * * *
The troll claws you!
* * * LOW HITPOINT WARNING * * *
The troll claws you!
You die...

#........
####.#..#...
#...##......
###...##....#.
##.#..#.÷....#.
###.......###...#
#...###..## #...#
##.### #†## ##...
#@## #.#####..#.
#T# #.......##.
#.. #.......###.
#..............##.
..................
##.........####...
#......### ..
#.####.# .. #.


You could see a troll.

Vanquished Creatures
  A two-headed ogre (D:9)
  Sigmund (D:3)
  Edmund (D:4)
  2 orc warriors
  4 ice beasts
  3 sky beasts
  4 phantoms
  A black bear (D:6)
  3 ogres
  A centaur (D:5)
  2 bullfrogs
  4 scorpions
  2 bullfrog zombies
  3 crimson imps (D:5)
  A centaur zombie (D:7)
  2 hounds
  A quasit (D:9)
  4 jellies (D:8)
  4 orc priests
  A centaur skeleton (D:4)
  10 orc wizards
  4 worker ants
  3 iguanas
  A hound zombie (D:8)
  A hound skeleton (D:8)
  8 mummies (Ossuary)
  4 gnolls (D:4)
  11 adders
  2 shadow imps
  6 oozes
  4 dart slugs
  5 leopard geckos
  19 orcs
  5 bats
  6 giant cockroaches
  2 gnoll zombies
  6 goblins
  8 hobgoblins
  6 jackals
  5 kobolds
  5 quokkas
  A ball python (D:6)
  5 frilled lizards
  A hobgoblin zombie (Ossuary)
  3 kobold zombies (Ossuary)
  3 orc zombies (Ossuary)
  3 quokka skeletons
  11 rats
193 creatures vanquished.

Vanquished Creatures (others)
  A shadow imp (D:8)
  An orc (D:5)
2 creatures vanquished.

Grand Total: 195 creatures vanquished

Notes
Turn   | Place    | Note
-------+----------+-------------------------------------------
     0 | D:1      | Mesmaeker13 the Demigod Fire Elementalist began the quest
                  | for the Orb.
     0 | D:1      | Reached XP level 1. HP: 14/14 MP: 5/5
    37 | D:1      | Reached skill level 1 in Conjurations
   267 | D:1      | Reached XP level 2. HP: 19/20 MP: 7/7
   990 | D:2      | Reached XP level 3. HP: 26/26 MP: 4/8
  1717 | D:2      | Learned a level 3 spell: Conjure Flame
  2036 | D:3      | Reached XP level 4. HP: 33/33 MP: 7/9
  2382 | D:3      | Found a faded altar of an unknown god.
  2859 | D:3      | Noticed Sigmund
  2884 | D:4      | Noticed a phantom
  3067 | D:4      | Found a sand-covered staircase.
  3076 | Ossuary  | Entered an ossuary
  3181 | Ossuary  | Reached XP level 5. HP: 38/38 MP: 8/10
  4414 | D:4      | Reached XP level 6. HP: 40/45 MP: 6/11
  5539 | D:4      | Noticed Edmund
  5598 | D:4      | Killed Edmund
  5598 | D:4      | Reached XP level 7. HP: 31/50 MP: 0/12
  5766 | D:5      | Entered Level 5 of the Dungeon
  5784 | D:5      | Learned a level 4 spell: Sticky Flame
  5810 | D:5      | Reached skill level 5 in Fire Magic
  5965 | D:5      | Reached skill level 5 in Dodging
  6313 | D:5      | Reached skill level 5 in Conjurations
  6378 | D:5      | You fall into a shaft and drop 3 floors!
  6388 | D:8      | Reached XP level 8. HP: 57/57 MP: 5/13
  7115 | D:6      | Found a staircase to the Ecumenical Temple.
  7634 | D:6      | Found Cuagh's Magic Scroll Emporium.
  7641 | D:6      | Bought a scroll of identify for 24 gold pieces
  7641 | D:6      | Bought a scroll of magic mapping for 42 gold pieces
  8271 | D:6      | Got a scorched falchion
  8272 | D:6      | Identified the +8 falchion of Cint {distort, rF+} (You
                  | found it on level 6 of the Dungeon)
  8551 | D:5      | Found a shattered altar of Ashenzari.
  9194 | D:3      | Killed Sigmund
  9194 | D:3      | Reached XP level 9. HP: 55/62 MP: 7/14
 10200 | D:8      | Noticed Prince Ribbit
 10213 | D:8      | Banished Prince Ribbit
 11336 | D:9      | Got a steaming long sword
 12208 | D:9      | Noticed a two-headed ogre
 12215 | D:9      | Killed a two-headed ogre
 12463 | D:9      | Slain by a troll

Levels and vault maps discovered:
D:1:      minmay_arrival_five_plusses, layout_rooms, grunt_decor_cap
D:2:      layout_basic, first_ration, minmay_misc_feat_hallway
D:3:      minmay_thinvault, layout_basic,
          chequers_ecumenical_altar_simple_redux, uniq_sigmund
D:4:      layout_basic, enter_ossuary_3, uniq_edmund
D:5:      minmay_inner_zag, layout_rooms, nicolae_overflow_hidden_temple
D:6:      layout_layer_cave, minmay_temple_entry_stoned_glass, serial_shops,
          shop
D:7:      layout_loops_ring
D:8:      layout_loops_corners, serial_co_window_serial, co_window_paths_b,
          co_window_cross_1, co_window_paths_b, co_window_of_opportunity_a,
          co_window_corner_a, co_window_corner_a, co_window_paths_a,
          co_window_cross_4, co_window_broadway_c, co_window_broadway_a,
          co_window_2corner, co_window_4corner_b, glass_columns_a,
          glass_columns_a, hangedman_little_slice_of_home, uniq_prince_ribbit1
D:9:      layout_layer_cave

Skill      XL: |  1  2  3  4  5  6  7  8  9 |
---------------+----------------------------+-----
Conjurations   | 1 2 3 4 5 6 7 |  7.9
Dodging        | 2 3 4 5 6 8 |  8.1
Fire Magic     | 3 4 5 7 8 |  8.3
Stealth        | |  1.7
Spellcasting   | |  1.7

Action                   |  1- 3 |  4- 6 |  7- 9 || total
-------------------------+-------+-------+-------++-------
Melee: Unarmed           |     5 |       |       ||     5
       Dagger            |    46 |    38 |       ||    84
       Dire flail        |       |       |    21 ||    21
       Falchion          |       |       |    68 ||    68
       Mace              |       |       |    15 ||    15
Throw: Dart              |       |       |     2 ||     2
 Cast: Flame Tongue      |    67 |   127 |   226 ||   420
       Conjure Flame     |       |     2 |     1 ||     3
       Sticky Flame      |       |       |     2 ||     2
Evoke: Wand              |       |       |     4 ||     4
  Use: Scroll            |     5 |     7 |     3 ||    15
       Potion            |       |     1 |       ||     1
 Stab: Sleeping          |     4 |     4 |     5 ||    13
  Eat: Chunk             |     4 |     3 |    13 ||    20
       Ration            |       |     3 |     3 ||     6
Armor: Robe              |    26 |    11 |    14 ||    51
       Leather armour    |       |       |    10 ||    10
Dodge: Dodged            |    87 |    47 |   160 ||   294
       Rpst.: Falchion   |       |       |    19 ||    19
